[ PARTIDA AOE2 · #466090551 ]
Team RMVikingos vs Bohemians
[ ANÁLISIS DE REPETICIÓN · EXTRAÍDO DE LA PARTIDA GRABADA ]
Feudal
15:34
Castillos
20:07
Imperial
—
| APM promedio | 43.5 |
| APM pico | 92 |
| eAPM promedio | 21.0 |
| Aldeanos / militares | 67 / 97 |
Foco
⚔️ 26.9% · 🌾 73.1%
Skirmisher ×74 · Fishing Ship ×23 · Knight ×14 · Berserk ×6 · Mangonel ×3
Feudal
14:33
Castillos
19:28
Imperial
39:55
| APM promedio | 37.0 |
| APM pico | 78 |
| eAPM promedio | 12.3 |
| Aldeanos / militares | 86 / 47 |
Foco
⚔️ 25.9% · 🌾 74.1%
Conquistador ×35 · Trebuchet (Packed) ×9 · Fishing Ship ×4 · Mangonel ×3
Feudal
14:25
Castillos
19:52
Imperial
46:10
| APM promedio | 19.5 |
| APM pico | 73 |
| eAPM promedio | 14.3 |
| Aldeanos / militares | 172 / 58 |
Foco
⚔️ 21.4% · 🌾 78.6%
Hussite Wagon ×28 · Monk ×16 · Battering Ram ×6 · Fishing Ship ×5 · Trebuchet (Packed) ×4 · Mangonel ×3
Feudal
13:14
Castillos
19:13
Imperial
39:00
| APM promedio | 29.3 |
| APM pico | 76 |
| eAPM promedio | 19.8 |
| Aldeanos / militares | 168 / 46 |
Foco
⚔️ 28.9% · 🌾 71.1%
Knight ×19 · Fishing Ship ×11 · Petard ×11 · Trebuchet (Packed) ×6 · Fire Galley ×3 · Battering Ram ×3
Feudal
12:20
Castillos
22:08
Imperial
39:10
| APM promedio | 49.8 |
| APM pico | 122 |
| eAPM promedio | 21.2 |
| Aldeanos / militares | 127 / 59 |
Foco
⚔️ 18.6% · 🌾 81.4%
Organ Gun ×31 · Archer ×10 · Knight ×10 · Fishing Ship ×5 · Trebuchet (Packed) ×4 · Scout Cavalry ×2
Feudal
14:35
Castillos
20:05
Imperial
—
| APM promedio | 17.7 |
| APM pico | 40 |
| eAPM promedio | 9.2 |
| Aldeanos / militares | 87 / 43 |
Foco
⚔️ 26.0% · 🌾 74.0%
Skirmisher ×25 · Fishing Ship ×13 · Urumi Swordsman ×8 · Scout Cavalry ×6 · Mangonel ×2 · Transport Ship ×1
Mapa de la partida
Recursos al inicio + cada clic de construcción. Línea gruesa = muro · recuadro discontinuo = muro de casas detectado. 🟡 oro · ⚪ piedra · 🟢 bayas · 🔶 jabalí · ⭕ reliquia
Inputs por minuto
— nakal - - wedus
Build order — nakal
Primeras 150 de 260 acciones detectadas
| 0:16 | Construir | Town Center |
| 1:06 | Construir | Dock |
| 2:55 | Crear | Villager (Male) |
| 2:55 | Crear | Villager (Male) |
| 2:55 | Crear | Villager (Male) |
| 2:55 | Crear | Villager (Male) |
| 2:56 | Crear | Villager (Male) |
| 3:24 | Construir | House |
| 4:41 | Crear | Villager (Male) |
| 4:49 | Crear | Fishing Ship |
| 4:49 | Crear | Fishing Ship |
| 4:49 | Crear | Fishing Ship |
| 5:16 | Crear | Villager (Male) |
| 5:16 | Crear | Villager (Male) |
| 5:48 | Crear | Villager (Male) |
| 6:01 | Crear | Fishing Ship |
| 6:01 | Crear | Fishing Ship |
| 6:04 | Crear | Villager (Male) |
| 6:05 | Crear | Villager (Male) |
| 6:13 | Crear | Villager (Male) |
| 6:13 | Crear | Villager (Male) |
| 6:27 | Construir | House |
| 6:40 | Crear | Fishing Ship |
| 6:40 | Crear | Fishing Ship |
| 6:40 | Crear | Fishing Ship |
| 6:47 | Crear | Villager (Male) |
| 6:47 | Crear | Villager (Male) |
| 7:20 | Construir | Lumber Camp |
| 7:37 | Crear | Villager (Male) |
| 8:00 | Crear | Villager (Male) |
| 8:00 | Crear | Villager (Male) |
| 8:01 | Crear | Villager (Male) |
| 8:06 | Crear | Villager (Male) |
| 8:06 | Crear | Villager (Male) |
| 8:11 | Crear | Fishing Ship |
| 8:11 | Crear | Fishing Ship |
| 8:12 | Crear | Fishing Ship |
| 8:24 | Construir | House |
| 8:42 | Crear | Villager (Male) |
| 8:47 | Crear | Fishing Ship |
| 8:47 | Crear | Fishing Ship |
| 8:48 | Crear | Fishing Ship |
| 9:00 | Construir | House |
| 9:15 | Crear | Villager (Male) |
| 9:16 | Crear | Villager (Male) |
| 9:31 | Crear | Fishing Ship |
| 9:31 | Crear | Fishing Ship |
| 10:04 | Construir | Dock |
| 10:08 | Crear | Villager (Male) |
| 10:19 | Construir | Mill |
| 10:25 | Construir | House |
| 10:38 | Crear | Villager (Male) |
| 10:57 | Construir | House |
| 11:16 | Crear | Fishing Ship |
| 11:18 | Crear | Fishing Ship |
| 11:43 | Crear | Fishing Ship |
| 12:02 | Crear | Fishing Ship |
| 12:04 | Crear | Fishing Ship |
| 12:09 | Investigar | Loom |
| 12:09 | Investigar | Loom |
| 12:10 | Crear | Villager (Male) |
| 12:11 | Crear | Villager (Male) |
| 12:22 | Construir | House |
| 12:23 | Construir | House |
| 12:30 | Crear | Fishing Ship |
| 12:32 | Crear | Fishing Ship |
| 13:14 | Investigar | Feudal Age |
| 13:14 | Investigar | Feudal Age |
| 13:44 | Construir | Barracks |
| 13:55 | Construir | House |
| 14:42 | Construir | Mining Camp |
| 15:10 | Construir | Outpost |
| 15:26 | Construir | Mining Camp |
| 15:34 | Edad | Edad Feudal |
| 15:45 | Construir | Archery Range |
| 15:54 | Crear | Villager (Male) |
| 15:56 | Crear | Villager (Male) |
| 16:14 | Construir | Market |
| 16:43 | Crear | Skirmisher |
| 16:46 | Crear | Skirmisher |
| 16:49 | Crear | Skirmisher |
| 16:57 | Crear | Villager (Male) |
| 17:27 | Investigar | Castle Age |
| 17:28 | Investigar | Castle Age |
| 17:28 | Investigar | Castle Age |
| 18:09 | Construir | Dock |
| 18:35 | Construir | Blacksmith |
| 19:07 | Construir | Stable |
| 20:07 | Edad | Edad de los Castillos |
| 20:54 | Construir | Castle |
| 21:11 | Crear | Villager (Male) |
| 21:28 | Construir | Town Center |
| 22:01 | Construir | Siege Workshop |
| 22:41 | Construir | Town Center |
| 22:50 | Crear | Berserk |
| 23:45 | Construir | Lumber Camp |
| 23:51 | Crear | Berserk |
| 23:51 | Crear | Berserk |
| 23:52 | Crear | Berserk |
| 23:52 | Crear | Berserk |
| 23:52 | Crear | Berserk |
| 24:50 | Crear | Villager (Male) |
| 24:50 | Crear | Villager (Male) |
| 24:50 | Crear | Villager (Male) |
| 24:51 | Crear | Villager (Male) |
| 25:01 | Investigar | Padded Archer Armor |
| 25:01 | Investigar | Padded Archer Armor |
| 25:01 | Investigar | Padded Archer Armor |
| 25:32 | Construir | Archery Range |
| 25:34 | Construir | Archery Range |
| 25:47 | Construir | Farm |
| 25:49 | Crear | Villager (Male) |
| 25:57 | Crear | Villager (Male) |
| 25:57 | Crear | Villager (Male) |
| 26:00 | Construir | Farm |
| 26:01 | Construir | Farm |
| 26:32 | Construir | Farm |
| 26:32 | Construir | Farm |
| 26:32 | Construir | Farm |
| 26:32 | Construir | Farm |
| 26:33 | Construir | Farm |
| 26:33 | Construir | Farm |
| 27:17 | Construir | Lumber Camp |
| 27:27 | Construir | Farm |
| 27:27 | Construir | Farm |
| 27:37 | Investigar | Double-Bit Axe |
| 27:44 | Crear | Villager (Male) |
| 27:44 | Crear | Villager (Male) |
| 27:44 | Crear | Villager (Male) |
| 27:44 | Crear | Villager (Male) |
| 27:45 | Crear | Villager (Male) |
| 27:49 | Construir | Farm |
| 27:50 | Construir | Farm |
| 27:53 | Crear | Villager (Male) |
| 27:54 | Crear | Villager (Male) |
| 27:54 | Crear | Villager (Male) |
| 27:57 | Construir | Farm |
| 27:57 | Construir | Farm |
| 28:28 | Crear | Mangonel |
| 28:30 | Crear | Mangonel |
| 28:44 | Investigar | Bow Saw |
| 28:44 | Investigar | Bow Saw |
| 29:01 | Construir | Farm |
| 29:01 | Construir | Farm |
| 30:06 | Investigar | Leather Archer Armor |
| 30:06 | Investigar | Leather Archer Armor |
| 30:06 | Investigar | Leather Archer Armor |
| 30:07 | Investigar | Fletching |
| 30:07 | Investigar | Fletching |
| 31:05 | Construir | Town Center |
Build order — wedus
Primeras 150 de 221 acciones detectadas
| 0:46 | Construir | Dock |
| 0:49 | Construir | House |
| 1:24 | Construir | Town Center |
| 3:23 | Crear | Villager (Male) |
| 3:23 | Crear | Villager (Male) |
| 3:23 | Crear | Villager (Male) |
| 3:29 | Crear | Villager (Male) |
| 3:46 | Investigar | Loom |
| 3:56 | Crear | Villager (Male) |
| 3:57 | Crear | Villager (Male) |
| 3:57 | Crear | Villager (Male) |
| 5:26 | Construir | House |
| 5:35 | Crear | Fishing Ship |
| 5:54 | Crear | Villager (Male) |
| 6:23 | Crear | Villager (Male) |
| 6:49 | Crear | Fishing Ship |
| 7:03 | Construir | House |
| 7:07 | Crear | Villager (Male) |
| 7:32 | Crear | Villager (Male) |
| 7:32 | Crear | Villager (Male) |
| 7:38 | Construir | Palisade Wall |
| 7:45 | Construir | House |
| 8:00 | Crear | Villager (Male) |
| 8:00 | Crear | Villager (Male) |
| 8:24 | Construir | Palisade Wall |
| 8:28 | Crear | Villager (Male) |
| 8:51 | Crear | Villager (Male) |
| 8:52 | Crear | Villager (Male) |
| 9:36 | Construir | Lumber Camp |
| 9:39 | Crear | Villager (Male) |
| 10:04 | Crear | Villager (Male) |
| 10:20 | Crear | Villager (Male) |
| 10:28 | Crear | Fishing Ship |
| 10:56 | Crear | Villager (Male) |
| 11:15 | Construir | Mill |
| 11:23 | Crear | Villager (Male) |
| 12:23 | Investigar | Feudal Age |
| 12:43 | Construir | Palisade Wall |
| 12:55 | Construir | House |
| 13:00 | Construir | Building 796 |
| 13:03 | Construir | House |
| 13:32 | Crear | Fishing Ship |
| 14:21 | Construir | Building 800 |
| 14:33 | Edad | Edad Feudal |
| 14:41 | Crear | Villager (Male) |
| 14:41 | Crear | Villager (Male) |
| 14:42 | Crear | Villager (Male) |
| 15:18 | Construir | Market |
| 15:49 | Crear | Villager (Male) |
| 16:05 | Construir | Blacksmith |
| 16:21 | Crear | Villager (Male) |
| 16:48 | Investigar | Castle Age |
| 16:55 | Construir | Mining Camp |
| 17:14 | Construir | Outpost |
| 17:37 | Construir | House |
| 17:38 | Construir | House |
| 18:04 | Crear | Villager (Male) |
| 18:17 | Construir | Building 800 |
| 18:41 | Investigar | Fletching |
| 19:28 | Edad | Edad de los Castillos |
| 19:30 | Construir | Castle |
| 19:35 | Crear | Villager (Male) |
| 19:35 | Crear | Villager (Male) |
| 19:35 | Crear | Villager (Male) |
| 19:43 | Construir | Town Center |
| 20:00 | Crear | Villager (Male) |
| 20:01 | Crear | Villager (Male) |
| 20:12 | Investigar | Bodkin Arrow |
| 20:43 | Construir | Farm |
| 21:08 | Construir | Lumber Camp |
| 21:10 | Crear | Conquistador |
| 21:19 | Construir | House |
| 21:24 | Construir | House |
| 21:38 | Construir | Building 490 |
| 21:47 | Crear | Villager (Male) |
| 22:08 | Investigar | Scale Barding Armor |
| 22:17 | Construir | Siege Workshop |
| 22:25 | Construir | Farm |
| 22:36 | Crear | Villager (Male) |
| 22:47 | Crear | Conquistador |
| 22:53 | Construir | Farm |
| 22:55 | Construir | Farm |
| 23:04 | Crear | Villager (Male) |
| 23:14 | Construir | Farm |
| 23:27 | Crear | Conquistador |
| 23:32 | Construir | Farm |
| 23:48 | Construir | House |
| 23:51 | Crear | Villager (Male) |
| 23:53 | Construir | Farm |
| 24:07 | Crear | Conquistador |
| 24:08 | Crear | Villager (Male) |
| 24:15 | Crear | Villager (Male) |
| 24:19 | Crear | Mangonel |
| 24:38 | Construir | Farm |
| 24:48 | Construir | House |
| 24:49 | Construir | House |
| 25:08 | Crear | Conquistador |
| 25:24 | Crear | Villager (Male) |
| 25:25 | Crear | Villager (Male) |
| 25:55 | Construir | Building 487 |
| 25:59 | Crear | Villager (Male) |
| 26:35 | Construir | Building 673 |
| 26:44 | Crear | Conquistador |
| 26:44 | Crear | Conquistador |
| 26:45 | Crear | Conquistador |
| 27:20 | Crear | Conquistador |
| 27:20 | Crear | Conquistador |
| 27:42 | Construir | Stone Wall |
| 28:19 | Construir | Blacksmith |
| 28:21 | Construir | University |
| 28:22 | Crear | Villager (Male) |
| 28:23 | Crear | Villager (Male) |
| 28:24 | Crear | Villager (Male) |
| 28:56 | Crear | Villager (Male) |
| 28:56 | Crear | Villager (Male) |
| 29:21 | Crear | Villager (Male) |
| 29:21 | Crear | Villager (Male) |
| 29:51 | Crear | Villager (Male) |
| 29:52 | Crear | Villager (Male) |
| 29:53 | Crear | Villager (Male) |
| 30:03 | Construir | Castle |
| 30:28 | Crear | Mangonel |
| 30:46 | Construir | Castle |
| 30:51 | Crear | Villager (Male) |
| 30:51 | Crear | Villager (Male) |
| 30:54 | Crear | Villager (Male) |
| 30:54 | Crear | Villager (Male) |
| 31:00 | Construir | Farm |
| 31:02 | Construir | Farm |
| 31:23 | Investigar | Ballistics |
| 31:53 | Construir | Lumber Camp |
| 31:58 | Construir | Lumber Camp |
| 32:04 | Crear | Villager (Male) |
| 32:05 | Crear | Villager (Male) |
| 32:05 | Crear | Villager (Male) |
| 32:07 | Construir | Farm |
| 32:31 | Crear | Villager (Male) |
| 32:31 | Crear | Villager (Male) |
| 32:45 | Crear | Conquistador |
| 32:45 | Crear | Conquistador |
| 32:46 | Crear | Conquistador |
| 32:54 | Construir | Mining Camp |
| 33:03 | Construir | Mining Camp |
| 33:07 | Construir | Farm |
| 33:08 | Construir | Farm |
| 33:23 | Crear | Villager (Male) |
| 33:58 | Crear | Villager (Male) |
| 34:06 | Construir | Castle |
| 34:08 | Crear | Villager (Male) |
| 34:09 | Crear | Villager (Male) |
Build order — violetsage
Primeras 150 de 364 acciones detectadas
| 0:24 | Construir | Dock |
| 0:25 | Construir | House |
| 0:42 | Construir | Town Center |
| 3:09 | Crear | Villager (Male) |
| 3:09 | Crear | Villager (Male) |
| 3:09 | Crear | Villager (Male) |
| 3:10 | Crear | Villager (Male) |
| 3:10 | Crear | Villager (Male) |
| 4:08 | Crear | Fishing Ship |
| 4:19 | Crear | Villager (Male) |
| 5:01 | Construir | House |
| 5:16 | Crear | Villager (Male) |
| 5:45 | Crear | Villager (Male) |
| 6:09 | Construir | House |
| 6:16 | Construir | House |
| 6:20 | Crear | Villager (Male) |
| 6:25 | Crear | Villager (Male) |
| 6:48 | Crear | Villager (Male) |
| 6:54 | Construir | House |
| 7:03 | Construir | House |
| 7:12 | Investigar | Loom |
| 7:25 | Crear | Villager (Male) |
| 7:46 | Crear | Fishing Ship |
| 8:03 | Crear | Villager (Male) |
| 8:03 | Crear | Villager (Male) |
| 8:03 | Crear | Villager (Male) |
| 8:09 | Construir | House |
| 8:33 | Crear | Villager (Male) |
| 8:45 | Crear | Fishing Ship |
| 8:57 | Construir | House |
| 9:20 | Crear | Villager (Male) |
| 9:21 | Crear | Villager (Male) |
| 9:55 | Construir | House |
| 9:56 | Crear | Fishing Ship |
| 10:06 | Construir | Mill |
| 10:10 | Crear | Villager (Male) |
| 10:49 | Crear | Villager (Male) |
| 10:56 | Crear | Villager (Male) |
| 11:10 | Construir | House |
| 11:14 | Crear | Fishing Ship |
| 11:27 | Crear | Villager (Male) |
| 11:47 | Construir | Mining Camp |
| 12:15 | Investigar | Feudal Age |
| 12:27 | Construir | Mill |
| 12:36 | Crear | Villager (Male) |
| 12:37 | Crear | Villager (Male) |
| 13:38 | Construir | Mining Camp |
| 14:25 | Edad | Edad Feudal |
| 14:40 | Construir | Blacksmith |
| 15:08 | Crear | Villager (Male) |
| 15:29 | Construir | Market |
| 15:47 | Crear | Villager (Male) |
| 16:46 | Construir | Lumber Camp |
| 17:12 | Investigar | Castle Age |
| 18:11 | Crear | Villager (Male) |
| 18:12 | Investigar | Double-Bit Axe |
| 19:52 | Edad | Edad de los Castillos |
| 19:55 | Construir | Castle |
| 19:59 | Crear | Villager (Male) |
| 19:59 | Crear | Villager (Male) |
| 20:02 | Investigar | Bow Saw |
| 20:37 | Construir | Town Center |
| 20:56 | Construir | Siege Workshop |
| 20:57 | Crear | Hussite Wagon |
| 20:58 | Crear | Hussite Wagon |
| 20:58 | Crear | Hussite Wagon |
| 21:32 | Construir | Lumber Camp |
| 21:51 | Crear | Hussite Wagon |
| 22:10 | Crear | Villager (Male) |
| 22:10 | Crear | Villager (Male) |
| 22:26 | Crear | Hussite Wagon |
| 22:35 | Crear | Mangonel |
| 22:49 | Construir | Farm |
| 23:09 | Crear | Mangonel |
| 23:26 | Crear | Hussite Wagon |
| 23:43 | Crear | Villager (Male) |
| 23:43 | Crear | Villager (Male) |
| 23:44 | Crear | Villager (Male) |
| 23:46 | Crear | Battering Ram |
| 23:48 | Crear | Villager (Male) |
| 23:48 | Crear | Villager (Male) |
| 24:08 | Crear | Hussite Wagon |
| 25:01 | Crear | Mangonel |
| 25:22 | Construir | Mining Camp |
| 25:41 | Crear | Villager (Male) |
| 25:41 | Crear | Villager (Male) |
| 25:45 | Crear | Villager (Male) |
| 25:45 | Crear | Villager (Male) |
| 26:04 | Crear | Battering Ram |
| 26:19 | Construir | Farm |
| 26:19 | Construir | Farm |
| 26:19 | Construir | Farm |
| 26:20 | Construir | Farm |
| 26:57 | Crear | Hussite Wagon |
| 27:11 | Crear | Hussite Wagon |
| 27:11 | Crear | Hussite Wagon |
| 27:28 | Crear | Villager (Male) |
| 27:28 | Crear | Villager (Male) |
| 27:28 | Crear | Villager (Male) |
| 27:36 | Crear | Battering Ram |
| 27:36 | Crear | Battering Ram |
| 28:15 | Crear | Villager (Male) |
| 28:15 | Crear | Villager (Male) |
| 28:16 | Crear | Villager (Male) |
| 28:29 | Crear | Villager (Male) |
| 28:29 | Crear | Villager (Male) |
| 28:29 | Crear | Villager (Male) |
| 28:40 | Construir | Town Center |
| 28:55 | Crear | Villager (Male) |
| 28:55 | Crear | Villager (Male) |
| 29:01 | Construir | House |
| 29:03 | Construir | House |
| 29:03 | Construir | House |
| 29:03 | Construir | House |
| 29:04 | Construir | House |
| 29:36 | Crear | Villager (Male) |
| 29:36 | Crear | Villager (Male) |
| 30:05 | Crear | Villager (Male) |
| 30:05 | Crear | Villager (Male) |
| 30:16 | Construir | Barracks |
| 30:17 | Crear | Villager (Male) |
| 30:17 | Crear | Villager (Male) |
| 30:18 | Crear | Villager (Male) |
| 30:18 | Crear | Villager (Male) |
| 30:51 | Construir | Town Center |
| 30:54 | Crear | Villager (Male) |
| 30:54 | Crear | Villager (Male) |
| 31:02 | Crear | Villager (Male) |
| 31:02 | Crear | Villager (Male) |
| 31:03 | Crear | Villager (Male) |
| 31:03 | Crear | Villager (Male) |
| 31:03 | Crear | Villager (Male) |
| 31:32 | Construir | Town Center |
| 31:34 | Crear | Villager (Male) |
| 31:34 | Crear | Villager (Male) |
| 32:13 | Crear | Villager (Male) |
| 32:13 | Crear | Villager (Male) |
| 32:13 | Crear | Villager (Male) |
| 32:39 | Crear | Villager (Male) |
| 32:39 | Crear | Villager (Male) |
| 32:40 | Crear | Villager (Male) |
| 33:01 | Construir | Stone Wall |
| 33:09 | Construir | Stone Wall |
| 33:11 | Crear | Villager (Male) |
| 33:11 | Crear | Villager (Male) |
| 33:12 | Crear | Villager (Male) |
| 33:12 | Crear | Villager (Male) |
| 33:13 | Crear | Villager (Male) |
| 33:13 | Crear | Villager (Male) |
| 33:20 | Construir | Monastery |
Build order — jajita
Primeras 150 de 378 acciones detectadas
| 0:31 | Construir | Town Center |
| 0:46 | Construir | Dock |
| 0:50 | Construir | House |
| 2:46 | Crear | Villager (Male) |
| 2:47 | Crear | Fishing Ship |
| 2:48 | Crear | Villager (Male) |
| 2:48 | Crear | Villager (Male) |
| 2:49 | Crear | Villager (Male) |
| 3:10 | Crear | Villager (Male) |
| 3:10 | Crear | Villager (Male) |
| 3:49 | Crear | Fishing Ship |
| 4:04 | Crear | Villager (Male) |
| 4:04 | Crear | Villager (Male) |
| 4:15 | Construir | House |
| 4:55 | Crear | Fishing Ship |
| 4:55 | Crear | Fishing Ship |
| 4:58 | Crear | Villager (Male) |
| 5:31 | Crear | Villager (Male) |
| 5:33 | Crear | Fishing Ship |
| 5:56 | Crear | Villager (Male) |
| 5:56 | Crear | Villager (Male) |
| 6:18 | Crear | Villager (Male) |
| 6:37 | Crear | Villager (Male) |
| 6:41 | Crear | Fishing Ship |
| 6:46 | Construir | House |
| 6:58 | Crear | Villager (Male) |
| 6:58 | Crear | Villager (Male) |
| 7:24 | Crear | Villager (Male) |
| 7:25 | Crear | Villager (Male) |
| 7:25 | Crear | Villager (Male) |
| 7:27 | Crear | Fishing Ship |
| 7:50 | Crear | Villager (Male) |
| 8:04 | Construir | House |
| 8:41 | Crear | Fishing Ship |
| 8:43 | Construir | Palisade Wall |
| 8:50 | Construir | Palisade Wall |
| 8:54 | Construir | Palisade Wall |
| 9:02 | Construir | House |
| 9:21 | Investigar | Loom |
| 9:21 | Investigar | Loom |
| 9:22 | Crear | Villager (Male) |
| 9:29 | Crear | Fishing Ship |
| 9:44 | Construir | Palisade Wall |
| 9:49 | Crear | Villager (Male) |
| 9:52 | Crear | Fishing Ship |
| 9:55 | Construir | Lumber Camp |
| 10:16 | Construir | Palisade Wall |
| 10:20 | Construir | Palisade Wall |
| 10:22 | Construir | Palisade Wall |
| 10:24 | Construir | Palisade Wall |
| 10:29 | Crear | Villager (Male) |
| 10:29 | Crear | Villager (Male) |
| 10:43 | Construir | Palisade Wall |
| 10:56 | Crear | Fishing Ship |
| 11:00 | Construir | House |
| 11:10 | Investigar | Feudal Age |
| 11:11 | Investigar | Feudal Age |
| 11:37 | Construir | Mining Camp |
| 13:14 | Edad | Edad Feudal |
| 13:19 | Construir | Dock |
| 13:31 | Crear | Fire Galley |
| 13:31 | Crear | Fire Galley |
| 13:41 | Crear | Villager (Male) |
| 14:14 | Crear | Villager (Male) |
| 14:14 | Crear | Villager (Male) |
| 14:14 | Crear | Villager (Male) |
| 14:17 | Investigar | Double-Bit Axe |
| 14:24 | Construir | Blacksmith |
| 14:41 | Construir | Mill |
| 15:21 | Crear | Fire Galley |
| 15:26 | Crear | Villager (Male) |
| 15:41 | Crear | Villager (Male) |
| 16:00 | Construir | Market |
| 16:11 | Crear | Villager (Male) |
| 16:26 | Construir | Mining Camp |
| 16:48 | Investigar | Castle Age |
| 16:48 | Investigar | Castle Age |
| 17:38 | Investigar | Stone Mining |
| 17:39 | Investigar | Stone Mining |
| 17:52 | Construir | House |
| 17:54 | Construir | Palisade Wall |
| 17:59 | Construir | House |
| 18:02 | Crear | Villager (Male) |
| 19:13 | Edad | Edad de los Castillos |
| 19:35 | Construir | Castle |
| 19:40 | Crear | Villager (Male) |
| 19:40 | Crear | Villager (Male) |
| 19:53 | Investigar | Fletching |
| 20:00 | Construir | Town Center |
| 20:23 | Investigar | Bow Saw |
| 20:28 | Crear | Villager (Male) |
| 20:28 | Crear | Villager (Male) |
| 20:28 | Crear | Villager (Male) |
| 20:29 | Crear | Villager (Male) |
| 20:50 | Construir | Siege Workshop |
| 21:09 | Crear | Villager (Male) |
| 21:36 | Crear | Petard |
| 21:36 | Crear | Petard |
| 21:43 | Crear | Villager (Male) |
| 21:43 | Crear | Villager (Male) |
| 21:44 | Crear | Villager (Male) |
| 22:07 | Crear | Battering Ram |
| 22:35 | Crear | Petard |
| 22:41 | Crear | Villager (Male) |
| 22:41 | Crear | Villager (Male) |
| 22:41 | Crear | Villager (Male) |
| 22:57 | Crear | Petard |
| 23:13 | Crear | Villager (Male) |
| 23:14 | Crear | Villager (Male) |
| 23:14 | Crear | Villager (Male) |
| 23:14 | Crear | Villager (Male) |
| 23:29 | Crear | Mangonel |
| 23:51 | Crear | Petard |
| 24:14 | Crear | Petard |
| 24:22 | Crear | Villager (Male) |
| 24:22 | Crear | Villager (Male) |
| 24:22 | Crear | Villager (Male) |
| 25:02 | Crear | Petard |
| 25:02 | Crear | Petard |
| 25:10 | Crear | Villager (Male) |
| 25:19 | Crear | Mangonel |
| 26:04 | Construir | Town Center |
| 26:27 | Crear | Villager (Male) |
| 26:27 | Crear | Villager (Male) |
| 26:27 | Crear | Villager (Male) |
| 26:27 | Crear | Villager (Male) |
| 26:28 | Crear | Villager (Male) |
| 26:28 | Crear | Villager (Male) |
| 26:29 | Crear | Petard |
| 26:47 | Crear | Battering Ram |
| 26:51 | Crear | Villager (Male) |
| 26:51 | Crear | Villager (Male) |
| 27:10 | Crear | Petard |
| 27:27 | Crear | Villager (Male) |
| 27:46 | Construir | Lumber Camp |
| 28:24 | Crear | Villager (Male) |
| 28:25 | Crear | Villager (Male) |
| 28:25 | Crear | Villager (Male) |
| 28:27 | Crear | Mangonel |
| 28:35 | Crear | Petard |
| 28:55 | Crear | Villager (Male) |
| 28:55 | Crear | Villager (Male) |
| 28:56 | Construir | Lumber Camp |
| 29:10 | Construir | Farm |
| 29:10 | Construir | Farm |
| 29:10 | Construir | Farm |
| 29:11 | Construir | Farm |
| 29:11 | Construir | Farm |
| 29:11 | Construir | Farm |
| 29:11 | Construir | Farm |
Build order — LarryElRata
Primeras 150 de 314 acciones detectadas
| 0:06 | Construir | Town Center |
| 1:52 | Construir | Dock |
| 1:53 | Construir | House |
| 2:26 | Crear | Villager (Male) |
| 2:27 | Crear | Villager (Male) |
| 2:27 | Crear | Villager (Male) |
| 2:27 | Crear | Villager (Male) |
| 2:27 | Crear | Villager (Male) |
| 2:28 | Investigar | Loom |
| 3:34 | Crear | Fishing Ship |
| 3:56 | Construir | House |
| 4:39 | Crear | Fishing Ship |
| 4:58 | Crear | Villager (Male) |
| 4:58 | Crear | Villager (Male) |
| 4:58 | Crear | Villager (Male) |
| 5:25 | Crear | Fishing Ship |
| 5:40 | Crear | Villager (Male) |
| 5:41 | Crear | Villager (Male) |
| 6:02 | Crear | Villager (Male) |
| 6:02 | Crear | Villager (Male) |
| 6:10 | Construir | House |
| 6:26 | Crear | Villager (Male) |
| 6:26 | Crear | Villager (Male) |
| 6:26 | Crear | Villager (Male) |
| 6:46 | Crear | Villager (Male) |
| 6:59 | Crear | Fishing Ship |
| 7:09 | Crear | Villager (Male) |
| 7:09 | Crear | Villager (Male) |
| 7:09 | Crear | Villager (Male) |
| 7:27 | Crear | Villager (Male) |
| 7:28 | Crear | Villager (Male) |
| 7:30 | Crear | Villager (Male) |
| 7:30 | Crear | Villager (Male) |
| 7:30 | Crear | Villager (Male) |
| 8:02 | Crear | Villager (Male) |
| 8:02 | Crear | Villager (Male) |
| 8:09 | Construir | House |
| 8:14 | Crear | Fishing Ship |
| 8:19 | Construir | Mill |
| 8:36 | Crear | Villager (Male) |
| 8:37 | Crear | Villager (Male) |
| 9:15 | Crear | Villager (Male) |
| 9:30 | Crear | Villager (Male) |
| 10:01 | Construir | Mining Camp |
| 10:10 | Investigar | Feudal Age |
| 10:10 | Investigar | Feudal Age |
| 10:39 | Construir | House |
| 10:45 | Construir | Barracks |
| 11:44 | Construir | House |
| 12:20 | Edad | Edad Feudal |
| 12:23 | Construir | Archery Range |
| 12:25 | Crear | Villager (Male) |
| 12:26 | Crear | Villager (Male) |
| 12:45 | Construir | Archery Range |
| 12:50 | Crear | Villager (Male) |
| 13:30 | Crear | Villager (Male) |
| 13:31 | Crear | Archer |
| 13:31 | Crear | Archer |
| 13:43 | Construir | Blacksmith |
| 13:46 | Crear | Archer |
| 13:53 | Crear | Archer |
| 14:02 | Crear | Villager (Male) |
| 14:16 | Crear | Spearman |
| 14:20 | Crear | Villager (Male) |
| 14:29 | Investigar | Fletching |
| 14:32 | Construir | Mining Camp |
| 14:36 | Crear | Villager (Male) |
| 14:54 | Crear | Archer |
| 14:56 | Crear | Archer |
| 15:02 | Construir | House |
| 15:11 | Investigar | Town Watch |
| 15:14 | Investigar | Padded Archer Armor |
| 15:14 | Investigar | Padded Archer Armor |
| 15:19 | Crear | Archer |
| 15:45 | Construir | House |
| 15:59 | Crear | Villager (Male) |
| 16:04 | Crear | Archer |
| 16:13 | Construir | House |
| 16:16 | Construir | Farm |
| 16:17 | Construir | Farm |
| 16:19 | Investigar | Horse Collar |
| 16:22 | Crear | Villager (Male) |
| 16:58 | Construir | Farm |
| 17:00 | Crear | Archer |
| 18:13 | Crear | Villager (Male) |
| 18:14 | Crear | Villager (Male) |
| 18:31 | Construir | Farm |
| 18:41 | Construir | Stable |
| 19:01 | Crear | Villager (Male) |
| 19:23 | Investigar | Castle Age |
| 19:23 | Investigar | Castle Age |
| 19:38 | Construir | Farm |
| 19:43 | Crear | Scout Cavalry |
| 19:52 | Investigar | Gold Mining |
| 20:04 | Construir | Farm |
| 20:33 | Crear | Scout Cavalry |
| 20:48 | Crear | Archer |
| 20:56 | Construir | Farm |
| 22:02 | Investigar | Scale Barding Armor |
| 22:07 | Crear | Villager (Male) |
| 22:08 | Edad | Edad de los Castillos |
| 22:22 | Construir | Castle |
| 23:13 | Construir | Farm |
| 23:14 | Crear | Villager (Male) |
| 23:15 | Crear | Villager (Male) |
| 23:44 | Crear | Organ Gun |
| 23:44 | Crear | Organ Gun |
| 23:44 | Crear | Organ Gun |
| 24:02 | Crear | Villager (Male) |
| 24:26 | Crear | Villager (Male) |
| 24:47 | Crear | Organ Gun |
| 25:09 | Crear | Villager (Male) |
| 25:33 | Crear | Organ Gun |
| 25:47 | Crear | Villager (Male) |
| 25:48 | Crear | Villager (Male) |
| 25:55 | Crear | Organ Gun |
| 26:12 | Crear | Villager (Male) |
| 26:37 | Crear | Organ Gun |
| 26:42 | Investigar | Stone Mining |
| 26:45 | Crear | Villager (Male) |
| 27:35 | Crear | Villager (Male) |
| 27:36 | Crear | Villager (Male) |
| 27:41 | Crear | Organ Gun |
| 27:49 | Construir | Lumber Camp |
| 28:06 | Crear | Villager (Male) |
| 28:12 | Crear | Organ Gun |
| 28:18 | Construir | Farm |
| 28:22 | Crear | Villager (Male) |
| 28:22 | Crear | Villager (Male) |
| 28:25 | Investigar | Bodkin Arrow |
| 28:31 | Crear | Villager (Male) |
| 29:12 | Crear | Villager (Male) |
| 29:22 | Construir | Castle |
| 29:28 | Crear | Knight |
| 29:32 | Crear | Villager (Male) |
| 29:35 | Construir | House |
| 29:36 | Construir | Farm |
| 29:46 | Construir | House |
| 29:49 | Construir | House |
| 29:55 | Crear | Villager (Male) |
| 29:59 | Construir | Farm |
| 30:01 | Construir | Farm |
| 30:58 | Crear | Knight |
| 31:01 | Crear | Villager (Male) |
| 31:07 | Construir | Farm |
| 31:08 | Construir | Farm |
| 31:08 | Construir | Farm |
| 31:10 | Investigar | Forging |
| 31:19 | Crear | Knight |
| 31:32 | Crear | Knight |
Build order — littlestewey
Primeras 150 de 187 acciones detectadas
| 0:24 | Construir | Town Center |
| 0:39 | Construir | Dock |
| 0:46 | Construir | House |
| 2:59 | Crear | Villager (Male) |
| 3:00 | Crear | Villager (Male) |
| 3:00 | Crear | Villager (Male) |
| 3:31 | Crear | Villager (Male) |
| 3:31 | Crear | Villager (Male) |
| 4:16 | Crear | Villager (Male) |
| 4:16 | Crear | Villager (Male) |
| 4:33 | Crear | Fishing Ship |
| 4:34 | Crear | Fishing Ship |
| 5:12 | Crear | Villager (Male) |
| 5:12 | Crear | Villager (Male) |
| 5:38 | Crear | Fishing Ship |
| 6:26 | Crear | Villager (Male) |
| 6:30 | Construir | House |
| 6:36 | Crear | Fishing Ship |
| 7:12 | Crear | Fishing Ship |
| 7:36 | Crear | Villager (Male) |
| 7:36 | Crear | Villager (Male) |
| 7:49 | Crear | Fishing Ship |
| 8:14 | Construir | House |
| 8:56 | Crear | Villager (Male) |
| 8:57 | Crear | Villager (Male) |
| 9:05 | Crear | Fishing Ship |
| 9:18 | Crear | Fishing Ship |
| 9:30 | Construir | Lumber Camp |
| 9:42 | Crear | Villager (Male) |
| 9:54 | Construir | House |
| 10:14 | Construir | Mining Camp |
| 10:18 | Crear | Villager (Male) |
| 10:51 | Crear | Villager (Male) |
| 10:57 | Crear | Villager (Male) |
| 12:26 | Investigar | Feudal Age |
| 13:19 | Construir | House |
| 13:20 | Construir | House |
| 13:21 | Construir | House |
| 13:22 | Construir | House |
| 13:23 | Construir | House |
| 13:57 | Crear | Fishing Ship |
| 13:58 | Crear | Fishing Ship |
| 14:35 | Edad | Edad Feudal |
| 14:37 | Crear | Villager (Male) |
| 14:37 | Crear | Villager (Male) |
| 14:37 | Crear | Villager (Male) |
| 15:08 | Construir | Barracks |
| 15:42 | Investigar | Loom |
| 15:54 | Construir | Watch Tower |
| 16:07 | Construir | Archery Range |
| 16:10 | Crear | Villager (Male) |
| 16:10 | Crear | Villager (Male) |
| 16:21 | Construir | Blacksmith |
| 16:36 | Construir | Dock |
| 17:13 | Crear | Skirmisher |
| 17:13 | Crear | Skirmisher |
| 17:14 | Crear | Skirmisher |
| 17:22 | Crear | Villager (Male) |
| 17:22 | Crear | Villager (Male) |
| 17:25 | Investigar | Castle Age |
| 17:33 | Crear | Skirmisher |
| 17:34 | Crear | Skirmisher |
| 17:57 | Investigar | Fletching |
| 18:42 | Crear | Skirmisher |
| 18:43 | Crear | Skirmisher |
| 18:43 | Crear | Skirmisher |
| 18:57 | Crear | Fishing Ship |
| 18:57 | Crear | Fishing Ship |
| 18:57 | Crear | Fishing Ship |
| 19:04 | Construir | House |
| 19:06 | Construir | House |
| 19:06 | Construir | House |
| 19:25 | Crear | Villager (Male) |
| 19:25 | Crear | Villager (Male) |
| 20:05 | Edad | Edad de los Castillos |
| 20:07 | Construir | Mining Camp |
| 20:12 | Investigar | Elite Skirmisher (upgrade) |
| 20:24 | Crear | Villager (Male) |
| 20:25 | Crear | Villager (Male) |
| 20:47 | Investigar | Stone Mining |
| 21:11 | Crear | Villager (Male) |
| 21:49 | Crear | Villager (Male) |
| 21:49 | Crear | Villager (Male) |
| 21:50 | Investigar | Double-Bit Axe |
| 22:12 | Crear | Villager (Male) |
| 23:22 | Construir | Lumber Camp |
| 23:32 | Crear | Villager (Male) |
| 23:32 | Crear | Villager (Male) |
| 23:51 | Crear | Skirmisher |
| 23:51 | Crear | Skirmisher |
| 24:06 | Construir | Castle |
| 25:37 | Construir | Mill |
| 25:41 | Crear | Villager (Male) |
| 25:42 | Crear | Villager (Male) |
| 25:42 | Crear | Villager (Male) |
| 25:54 | Construir | Town Center |
| 26:00 | Crear | Urumi Swordsman ×5 |
| 26:15 | Construir | Farm |
| 26:23 | Investigar | Bow Saw |
| 26:27 | Construir | Farm |
| 26:42 | Crear | Urumi Swordsman |
| 26:42 | Crear | Urumi Swordsman |
| 26:42 | Crear | Urumi Swordsman |
| 26:53 | Construir | Farm |
| 27:15 | Crear | Villager (Male) |
| 27:16 | Crear | Villager (Male) |
| 27:41 | Crear | Villager (Male) |
| 27:42 | Crear | Villager (Male) |
| 27:42 | Crear | Villager (Male) |
| 27:44 | Construir | Farm |
| 28:18 | Construir | Dock |
| 28:31 | Construir | Siege Workshop |
| 28:44 | Crear | Villager (Male) |
| 28:44 | Crear | Villager (Male) |
| 28:45 | Crear | Villager (Male) |
| 29:14 | Crear | Mangonel |
| 29:28 | Construir | Mining Camp |
| 29:41 | Crear | Skirmisher ×5 |
| 29:56 | Construir | Archery Range |
| 31:36 | Construir | Castle |
| 31:42 | Crear | Mangonel |
| 33:12 | Construir | Town Center |
| 33:23 | Crear | Skirmisher ×5 |
| 33:28 | Crear | Skirmisher ×5 |
| 34:34 | Investigar | Wheelbarrow |
| 35:59 | Construir | Castle |
| 36:45 | Construir | Dock |
| 37:06 | Construir | Lumber Camp |
| 37:20 | Crear | Villager (Male) ×5 |
| 37:47 | Crear | Transport Ship |
| 37:58 | Construir | House |
| 38:00 | Construir | House |
| 38:00 | Construir | House |
| 38:01 | Construir | House |
| 38:02 | Construir | House |
| 38:15 | Crear | Villager (Male) |
| 38:15 | Crear | Villager (Male) |
| 38:22 | Construir | Market |
| 38:49 | Crear | Villager (Male) |
| 38:49 | Crear | Villager (Male) |
| 39:59 | Construir | Town Center |
| 40:32 | Crear | Villager (Male) |
| 40:50 | Construir | Town Center |
| 41:30 | Construir | Archery Range |
| 41:31 | Construir | Archery Range |
| 41:47 | Crear | Villager (Male) ×5 |
| 42:04 | Crear | Villager (Male) |
| 42:04 | Crear | Villager (Male) |
| 42:40 | Crear | Villager (Male) |
| 42:40 | Crear | Villager (Male) |
Cronología de la partida
| 0:24 | violetsage · first_building Dock |
| 0:39 | littlestewey · first_building Dock |
| 0:46 | jajita · first_building Dock |
| 0:46 | wedus · first_building Dock |
| 1:06 | nakal · first_building Dock |
| 1:52 | LarryElRata · first_building Dock |
| 7:38 | wedus · wall_segment Palisade Wall x5 |
| 8:24 | wedus · wall_segment Palisade Wall x8 |
| 8:43 | jajita · wall_segment Palisade Wall x1 |
| 8:50 | jajita · wall_segment Palisade Wall x1 |
| 8:54 | jajita · wall_segment Palisade Wall x1 |
| 9:44 | jajita · wall_segment Palisade Wall x1 |
| 10:16 | jajita · wall_segment Palisade Wall x1 |
| 10:20 | jajita · wall_segment Palisade Wall x1 |
| 10:22 | jajita · wall_segment Palisade Wall x1 |
| 10:24 | jajita · wall_segment Palisade Wall x1 |
| 10:43 | jajita · wall_segment Palisade Wall x1 |
| 10:45 | LarryElRata · first_building Barracks |
| 12:20 | LarryElRata · age_up feudal |
| 12:23 | LarryElRata · first_building Archery Range |
| 12:43 | wedus · wall_segment Palisade Wall x12 |
| 13:14 | jajita · age_up feudal |
| 13:44 | nakal · first_building Barracks |
| 14:25 | violetsage · age_up feudal |
| 14:33 | wedus · age_up feudal |
| 14:35 | littlestewey · age_up feudal |
| 15:08 | littlestewey · first_building Barracks |
| 15:34 | nakal · age_up feudal |
| 15:45 | nakal · first_building Archery Range |
| 16:07 | littlestewey · first_building Archery Range |
| 16:44 | wedus · first_market_sell 100 food |
| 17:54 | jajita · wall_segment Palisade Wall x7 |
| 18:41 | LarryElRata · first_building Stable |
| 19:07 | nakal · first_building Stable |
| 19:13 | jajita · age_up castle |
| 19:28 | wedus · age_up castle |
| 19:30 | wedus · first_building Castle |
| 19:35 | jajita · first_building Castle |
| 19:52 | violetsage · age_up castle |
| 19:55 | violetsage · first_building Castle |
| 20:05 | littlestewey · age_up castle |
| 20:07 | nakal · age_up castle |
| 20:50 | jajita · first_building Siege Workshop |
| 20:54 | nakal · first_building Castle |
| 20:56 | violetsage · first_building Siege Workshop |
| 21:17 | nakal · first_market_buy 100 wood |
| 21:37 | violetsage · first_market_sell 100 food |
| 21:38 | violetsage · first_market_buy 100 wood |
| 21:47 | nakal · first_market_sell 100 food |
| 22:01 | nakal · first_building Siege Workshop |
| 22:03 | jajita · first_market_sell 100 wood |
| 22:08 | LarryElRata · age_up castle |
| 22:17 | wedus · first_building Siege Workshop |
| 22:22 | LarryElRata · first_building Castle |
| 22:34 | wedus · first_market_buy 100 food |
| 24:06 | littlestewey · first_building Castle |
| 27:42 | wedus · wall_segment Stone Wall x1 |
| 28:31 | littlestewey · first_building Siege Workshop |
| 30:16 | violetsage · first_building Barracks |
| 33:01 | violetsage · wall_segment Stone Wall x9 |
| 33:09 | violetsage · wall_segment Stone Wall x9 |
| 33:20 | violetsage · first_building Monastery |
| 33:27 | jajita · first_building Barracks |
| 34:45 | jajita · wall_segment Palisade Wall x1 |
| 34:47 | jajita · wall_segment Palisade Wall x1 |
| 34:49 | jajita · wall_segment Palisade Wall x1 |
| 35:21 | jajita · first_building Stable |
| 37:58 | LarryElRata · first_building Siege Workshop |
| 39:00 | jajita · age_up imperial |
| 39:08 | LarryElRata · first_market_buy 100 wood |
| 39:10 | LarryElRata · age_up imperial |
| 39:55 | wedus · age_up imperial |
| 44:02 | littlestewey · first_building Stable |
| 44:03 | LarryElRata · first_market_sell 100 food |
| 46:10 | violetsage · age_up imperial |
| 49:48 | nakal · resign |
[ ANÁLISIS IA · 1 CRÉDITO ]
¿Qué pasó realmente en esta partida?
Wolo.gg analiza cada decisión: build order, eco, micro, errores típicos por bracket. Análisis personalizado por WhatsApp o Discord en 30 segundos.
Guía civ
Vikingos
Guía mapa
Nomad
Perfil
nakal